 Dungeon Crawl Stone Soup version 0.23-a0-126-g19e28b4 (webtiles) character file.

122749 Amnesiac the Destroyer (level 16, -20/120 HPs)
             Began as a Mummy Air Elementalist on Aug 26, 2018.
             Was the Champion of Vehumet.
             Killed from afar by Treefire's ghost (56 damage)
             ... with a bolt of fire
             ... on level 15 of the Dungeon.
             The game lasted 01:21:06 (35506 turns).

Amnesiac the Destroyer (Mummy Air Elementalist)    Turns: 35506, Time: 01:21:08

Health: -20/120    AC: 11    Str: 11    XL:     16   Next: 35%
Magic:  40/42      EV: 17    Int: 19    God:    Vehumet [******]
Gold:   2045       SH:  5    Dex: 13    Spells: 1/42 levels left

rFire    . . .     SeeInvis +   b - staff of air
rCold    + . .     Gourm    .   l - +0 buckler
rNeg     + + +     Faith    .   B - +2 robe {Archmagi}
rPois    ∞         Spirit   .   r - +2 helmet {SInv}
rElec    +         Reflect  .   y - +1 cloak "Ripper Woe" {rF+ rCorr Int-2}
rCorr    +         Harm     +   m - +0 pair of gloves
MR       ++...                  q - +0 pair of boots
Stlth    ++........             i - amulet of harm
HPRegen  0.30/turn              c - ring of wizardry
MPRegen  0.28/turn              I - ring of magical power

@: swift, quick
A: no food or potions, fire vulnerability, cold resistance 1, negative energy
resistance 3, torment resistance, unbreathing, in touch with death 1
a: Renounce Religion


You were on level 15 of the Dungeon.
You worshipped Vehumet.
Vehumet was exalted by your worship.
You were not hungry.

You visited 6 branches of the dungeon, and saw 26 of its levels.
You visited the Abyss 1 time.
You also visited: Sewer and Volcano.

You collected 2741 gold pieces.
You spent 696 gold pieces at shops.

Inventory:

Hand Weapons
 u - the +6 scimitar "Wigot" {freeze, Int+3}
   (You bought it in a shop on level 2 of the Orcish Mines)

   It has been specially enchanted to freeze those struck by it, causing extra
   injury to most foes and up to half again as much damage against particularly
   susceptible opponents.
   It can also slow down cold-blooded creatures.
   It affects your intelligence (+3).
Armour
 g - a +0 shield
 l - a +0 buckler (worn)
 m - a +0 pair of gloves (worn)
 q - a +0 pair of boots (worn)
 r - a +2 helmet of see invisible (worn)
 y - the +1 cloak "Ripper Woe" (worn) {rF+ rCorr Int-2}
   (You found it in a volcano)

   It affects your intelligence (-2).
   It protects you from fire.
   It provides partial protection from all sources of acid and corrosion.
 B - a +2 robe of the Archmagi (worn)
Magical Staves
 a - an uncursed staff of conjuration
 b - an uncursed staff of air (weapon)
 w - an uncursed staff of wizardry
Jewellery
 c - a ring of wizardry (left hand)
 i - an amulet of harm (around neck)
 I - a ring of magical power (right hand)
Wands
 e - a wand of random effects (19)
 f - a wand of flame (99)
 v - a wand of enslavement (18)
 x - a wand of iceblast (10)
 z - a wand of polymorph (13)
 A - a wand of scattershot (3)
 C - a wand of digging (20)
 E - a wand of acid (11)
Scrolls
 d - 13 scrolls of enchant armour {!r}
 h - a scroll of enchant weapon {!r}
 j - 4 scrolls of remove curse {!r}
 k - 6 scrolls of fog {!r}
 n - 4 scrolls of amnesia {!r}
 o - 6 scrolls of magic mapping {!r}
 p - 12 scrolls of teleportation {!r}
 s - a scroll of vulnerability {!r}
 t - a scroll of fear {!r}
 D - 10 scrolls of identify {!r}
 G - a scroll of holy word {!r, unknown}
 J - a scroll of acquirement {!r, unknown}
 K - a scroll of blinking {!r}
Miscellaneous
 F - a phial of floods
 H - a phantom mirror


   Skills:
 - Level 9.0 Fighting
 - Level 9.0 Dodging
 - Level 1.5 Stealth
 - Level 4.1 Shields
 + Level 13.6 Spellcasting
 * Level 13.8 Conjurations
 * Level 13.7 Air Magic
 - Level 4.0 Evocations


You had one spell level left.
You knew the following spells:

 Your Spells              Type           Power        Failure   Level  Hunger
a - Orb of Destruction    Conj           #######...   1%          7    N/A
b - Chain Lightning       Conj/Air       #######...   13%         8    N/A
c - Mephitic Cloud        Conj/Pois/Air  #######.     1%          3    N/A
d - Lightning Bolt        Conj/Air       #######...   1%          5    N/A
e - Shock                 Conj/Air       ####         0%          1    N/A
f - Airstrike             Air            #######...   1%          4    N/A
g - Freezing Cloud        Conj/Ice/Air   #######...   2%          6    N/A
w - Irradiate             Conj/Tmut      ######....   1%          5    N/A
z - Swiftness             Chrm/Air       ######..     1%          2    N/A

Your spell library contained the following spells:

 Spells                   Type           Power        Failure   Level  Hunger
 Lehudib's Crystal Spear  Conj/Erth      ######....   83%         8    N/A
 Glaciate                 Conj/Ice       ######....   100%        9    N/A
 Animate Skeleton         Necr           N/A          1%          1    N/A
 Flame Tongue             Conj/Fire      #####        1%          1    N/A
 Freeze                   Ice            ###.         1%          1    N/A
 Infusion                 Chrm           ###.         1%          1    N/A
 Pain                     Necr           ####         1%          1    N/A
 Throw Flame              Conj/Fire      ######       1%          2    N/A
 Throw Frost              Conj/Ice       ######       1%          2    N/A
 Conjure Flame            Conj/Fire      ######..     1%          3    N/A
 Inner Flame              Hex/Fire       ###.....     1%          3    N/A
 Static Discharge         Conj/Air       #######.     1%          3    N/A
 Sticky Flame             Conj/Fire      ######..     1%          4    N/A
 Throw Icicle             Conj/Ice       ######..     1%          4    N/A
 Fireball                 Conj/Fire      ######....   1%          5    N/A
 Shroud of Golubria       Chrm/Tloc      ###.......   3%          2    N/A
 Song of Slaying          Chrm           ###.....     3%          2    N/A
 Ozocubu's Armour         Chrm/Ice       ###.....     6%          3    N/A
 Spectral Weapon          Hex/Chrm       ###.....     6%          3    N/A
 Vampiric Draining        Necr           ####......   6%          3    N/A
 Animate Dead             Necr           N/A          21%         4    N/A
 Summon Ice Beast         Ice/Summ       ###.....     21%         4    N/A
 Regeneration             Chrm/Necr      Unusable     N/A         3    N/A
 Hydra Form               Tmut           Unusable     N/A         6    N/A
 Statue Form              Tmut/Erth      Unusable     N/A         6    N/A
 Dragon Form              Tmut           Unusable     N/A         7    N/A

Dungeon Overview and Level Annotations

Branches:
Dungeon (15/15)            Temple (1/1) D:4            Lair (6/6) D:8
  Swamp (0/4) Lair:4        Snake (1/4) Lair:3        Slime (0/5) Lair:6
    Orc (2/2) D:11            Elf (1/3) Orc:2        Vaults (0/5) D:13
 Depths: D:15

Altars:
Ashenzari
Cheibriados
Dithmenos
Elyvilon
Fedhas
Gozag
Hepliaklqana
Kikubaaqudgha
Makhleb
Nemelex Xobeh
Okawaru
Qazlal
Ru
Sif Muna
Trog
Uskayaw
Vehumet
Wu Jian
Xom
Yredelemnul
Zin
The Shining One
Beogh

Shops:
D:6 [   Orc:1 =   Orc:2 ::[(

Portals:
Trove: D:13 (give +4 shadow dragon scales)

Annotations:
D:5 zin loot
D:15 Treefire's ghost, adept DEFE


Innate Abilities, Weirdness & Mutations

You do not eat or drink.
Your flesh is vulnerable to fire.
You are immune to poison.
Your flesh is cold resistant. (rC+)
You are immune to negative energy. (rN+++)
You are immune to unholy pain and torment.
You can survive without breathing.
You are in touch with the powers of death.


Message History

The frost giant is heavily wounded.
The storm dragon closely misses you.
The storm dragon claws you but does no damage.
The storm dragon tramples you but does no damage.
Unknown command.
Really read
K - 2 scrolls of blinking {!r}?
Blink to where?
Press: ? - help, Dir - move target cursor You are very lightly contaminated with residual magic.
As you read the scroll of blinking {!r}, it crumbles to dust.
The frost giant casts a spell at you. The bolt of cold hits you! You resist.
* * * LOW HITPOINT WARNING * * *
You enter the transporter and appear at another place.
You start resting.
Magic restored.
You start resting.
Treefire's ghost shrieks, "Very impressive.
But it won't help.
Nothing will."
Your magical contamination has completely faded away.
You start resting.
Magic restored.
You start resting.
Treefire's ghost is bathed in the radiant lights of Iskenderun.
Treefire's ghost is no longer regenerating.
You start resting.
Treefire's ghost says, "There is no future for me!"
Treefire's ghost keens inconsolably.
Treefire's ghost whispers, "Death is liberation."
Treefire's ghost whispers, "The ORB doesn't exist."
Treefire's ghost screams, "To die, to sleep, no more."
Treefire's ghost takes aim.
Treefire's ghost shouts, "I have seen your future, and it is all used up."
Treefire's ghost takes aim.
Treefire's ghost lets out a mournful wail.
Treefire's ghost wails.
HP restored.
You start resting.
Treefire's ghost wails, "What do you have that I didn't have?"
Treefire's ghost whispers, "It is all a dream - a grotesque and foolish dream."
HP restored.
There is a transporter here.
You enter the transporter and appear at another place.
The frost giant casts a spell at you. The bolt of cold misses you.
Treefire's ghost casts a spell at you. The bolt of fire hits you!
Press: ? - help, v - describe, . - travel
Here: Treefire's ghost The floor.
Casting: Chain Lightning (quite dangerous; 13% risk of failure)
Confirm with . or Enter, or press ? or * to list all spells.
Okay, then.
Casting: Chain Lightning (quite dangerous; 13% risk of failure)
Confirm with . or Enter, or press ? or * to list all spells.
You feel a strong surge of power!
You feel quick.
The storm dragon breathes lightning at you.
The bolt of lightning hits you! You resist.
The frost giant hits you with a battleaxe of freezing!!
* * * LOW HITPOINT WARNING * * *
The frost giant freezes you.
* * * LOW HITPOINT WARNING * * *
Treefire's ghost casts a spell at you. The bolt of fire hits you!
You die...

#.# #......#.#######.# #. #.#
#.#...##.# #.# #.
#.#####.....##.# #.# #.
#####........©.....## #.# #.
#.........#########..######.#
#.
#.######.##8.....8##........#
#. #.#........©#.....(.)# #.
#.#....÷WC..#.######)####)
#.#.....D@..#.# #)[))).
#.#....©....#.# #######
#.#.........#.# #....
#.#.........#.# #.###
#.#.........#.#
#.##8))(?.8##.###...
#..#########.........
##.....©.....####.##.
#####...###.#


You could see a storm dragon, a frost giant and Treefire's ghost.

Vanquished Creatures
  Saint Roka (Orc:2)
  Gastronok (Lair:1)
  3 entropy weavers (Lair:4)
  A fire dragon (D:15)
  3 vault guards (D:13)
  9 hydras
  3 catoblepae
  3 ghost crabs (Lair:4)
  2 centaur warriors (D:15)
  An ogre mage (D:15)
  10 two-headed ogres
  11 death yaks
  An orc high priest (Orc:2)
  Urug (D:11)
  3 skeletal warriors (D:13)
  5 fire crabs (Lair:4)
  4 unseen horrors
  A necromancer (D:13)
  3 wizards (D:13)
  3 orc knights
  3 deep elf magi
  9 ugly things
  7 oklob plants
  5 orc sorcerers
  3 manticores
  2 cyclopes
  9 elephants (Lair:6)
  A moth of wrath (shapeshifter) (D:15)
  4 black mambas
  Joseph (D:9)
  An apocalypse crab (Lair:4)
  A black mamba (shapeshifter) (D:14)
  3 gargoyles
  25 spiny frogs
  8 komodo dragons
  3 kobold demonologists
  A rime drake (Lair:2)
  A yaktaur (shapeshifter) (D:15)
  An efreet (D:14)
  A troll (D:15)
  A polar bear (Lair:6)
  A jumping spider (shapeshifter) (D:15)
  3 tyrant leeches (Lair:6)
  A hornet (D:14)
  30 blink frogs
  4 slime creatures (D:14)
  6 dream sheep (Lair:6)
  13 hippogriffs
  3 vampires
  3 wyverns
  3 shadows
  A wraith (D:8)
  17 humans (D:13)
  5 steam dragons
  47 yaks
  4 fire bats (Volcano)
  7 hungry ghosts
  13 vampire mosquitoes
  3 basilisks
  A hell hound (Volcano)
  6 wargs
  2 acid dragons (D:15)
  15 water moccasins
  9 porcupines
  Purgy (D:3)
  6 ice beasts
  2 black bears
  51 orc warriors
  3 phantoms
  18 ogres
  5 sky beasts
  3 necrophages
  2 eyes of draining
  9 wolves
  A centaur (D:14)
  15 crocodiles
  5 big kobolds
  26 bullfrogs
  A gnoll sergeant (D:7)
  2 troll zombies (D:11)
  6 killer bees (D:7)
  5 scorpions
  5 wights
  10 electric eels
  7 howler monkeys
  8 crimson imps
  A bullfrog zombie (D:12)
  2 centaur zombies
  7 hounds
  2 quasits
  20 orc priests
  3 bullfrog skeletons
  A gnoll shaman (D:8)
  4 jellies
  4 centaur skeletons
  4 iguanas
  Jessica (D:3)
  Ijyb (D:3)
  Terence (D:2)
  35 orc wizards
  13 worker ants
  2 bullfrog simulacra (D:8)
  6 ogre zombies (D:11)
  2 hound skeletons
  13 gnolls
  2 howler monkey skeletons
  22 adders
  8 river rats (Sewer)
  A shadow imp (D:6)
  A white imp (D:8)
  2 howler monkey simulacra (D:8)
  2 ufetubi (D:8)
  4 oozes
  An adder zombie (D:5)
  2 worms
  2 dart slugs
  13 leopard geckos
  103 orcs
  3 giant cockroaches
  6 goblins
  10 hobgoblins
  18 jackals
  8 kobolds
  4 quokkas
  14 ball pythons
  9 bats
  6 frilled lizards
  2 goblin skeletons (D:11)
  3 goblin zombies (D:11)
  A hobgoblin skeleton (D:11)
  2 hobgoblin zombies (D:11)
  A jackal skeleton (D:4)
  2 orc skeletons (D:11)
  15 orc zombies
  A quokka skeleton (D:5)
  29 rats
  A spectral orc (D:3)
  2 fungi
  7 plants
976 creatures vanquished.

Vanquished Creatures (others)
  A gnoll (D:3)
  An adder (D:3)
  An orc (D:3)
  A ball python (D:3)
  2 hobgoblins (D:3)
  A goblin (D:3)
  A rat (D:3)
  A bush (Lair:6)
  33 fungi
  85 plants
127 creatures vanquished.

Grand Total: 1103 creatures vanquished

Notes
Turn   | Place    | Note
-------+----------+-------------------------------------------
     0 | D:1      | Amnesiac the Mummy Air Elementalist began the quest for the
                  | Orb.
     0 | D:1      | Reached XP level 1. HP: 13/13 MP: 4/4
   158 | D:1      | Reached XP level 2. HP: 7/19 MP: 0/5
   162 | D:1      | Learned a level 2 spell: Swiftness
   805 | D:2      | Reached XP level 3. HP: 24/24 MP: 5/7
   829 | D:2      | Found a shattered altar of Ashenzari.
  1084 | D:4      | Found a staircase to the Ecumenical Temple.
  1093 | Temple   | Entered the Ecumenical Temple
  1143 | Temple   | Became a worshipper of Vehumet
  2007 | D:2      | Found a deep blue altar of Sif Muna.
  2100 | D:2      | Reached XP level 4. HP: 30/30 MP: 7/9
  2106 | D:2      | Learned a level 4 spell: Airstrike
  2452 | D:3      | Noticed Jessica
  2456 | D:3      | Killed Jessica
  2456 | D:3      | Noticed Purgy
  2594 | D:3      | Noticed Terence
  2610 | D:2      | Killed Terence
  2705 | D:2      | HP: 1/30 [gnoll/flail (13)]
  2706 | D:2      | Reached XP level 5. HP: 1/35 MP: 4/11
  3349 | D:3      | Reached * piety under Vehumet
  3349 | D:3      | Offered knowledge of Magic Dart by Vehumet.
  3388 | D:3      | Killed Purgy
  3388 | D:3      | Reached skill level 5 in Air Magic
  3388 | D:3      | Reached XP level 6. HP: 27/41 MP: 3/13
  3395 | D:3      | Learned a level 5 spell: Lightning Bolt
  3533 | D:3      | Found a basalt altar of Yredelemnul.
  3612 | D:3      | Noticed Ijyb
  3633 | D:3      | Killed Ijyb
  3633 | D:3      | Reached skill level 5 in Spellcasting
  3887 | D:4      | Found a snail-covered altar of Cheibriados.
  3971 | D:4      | Found an ornate altar of the Wu Jian Council.
  4678 | D:5      | Entered Level 5 of the Dungeon
  4810 | D:5      | Reached XP level 7. HP: 46/46 MP: 1/15
  5149 | D:5      | Found a glowing silver altar of Zin.
  5527 | D:6      | Reached ** piety under Vehumet
  5527 | D:6      | Offered knowledge of Throw Frost by Vehumet.
  5928 | D:6      | Reached XP level 8. HP: 52/52 MP: 15/18
  6087 | D:6      | Found Owad Nai's Antique Armour Shoppe.
  6193 | D:6      | Found a glowing drain.
  6207 | Sewer    | Entered a sewer
  6314 | Sewer    | Offered knowledge of Mephitic Cloud by Vehumet.
  6322 | Sewer    | Learned a level 3 spell: Mephitic Cloud
  6619 | Sewer    | Reached *** piety under Vehumet
  6994 | Sewer    | Offered knowledge of Olgreb's Toxic Radiance by Vehumet.
  7063 | Sewer    | Reached skill level 1 in Shields
  7455 | D:7      | Reached **** piety under Vehumet
  7456 | D:7      | Reached XP level 9. HP: 31/57 MP: 10/21
  7587 | D:7      | Offered knowledge of Iskenderun's Mystic Blast by Vehumet.
  7678 | D:7      | Reached skill level 1 in Conjurations
  7909 | D:7      | Found a burning altar of Makhleb.
  7909 | D:7      | Found a sparkling altar of Nemelex Xobeh.
  7909 | D:7      | Found a bloodstained altar of Trog.
  8188 | D:7      | Learned a level 1 spell: Shock
  8277 | D:7      | Killed an unseen horror
  8277 | D:7      | Reached skill level 5 in Conjurations
  8667 | D:8      | Reached ***** piety under Vehumet
  8667 | D:8      | Offered knowledge of Bolt of Cold by Vehumet.
  8796 | D:8      | Reached XP level 10. HP: 63/63 MP: 17/22
  8822 | D:8      | Noticed a death yak
  8823 | D:8      | Noticed a death yak
  8843 | D:7      | Killed a death yak
  9165 | D:8      | Killed a death yak
  9167 | D:8      | Noticed a death yak
  9202 | D:8      | Killed a death yak
  9202 | D:8      | Reached skill level 1 in Fighting
  9202 | D:8      | Reached skill level 1 in Evocations
  9330 | D:8      | Noticed a death yak
  9330 | D:8      | Noticed a death yak
  9330 | D:8      | Noticed a death yak
  9344 | D:8      | Killed a death yak
  9354 | D:8      | Killed a death yak
  9369 | D:8      | Killed a death yak
  9369 | D:8      | Reached XP level 11. HP: 48/75 MP: 10/23
  9392 | D:8      | Found a staircase to the Lair.
  9470 | D:8      | Got a dazzling chain mail
  9987 | D:9      | Reached skill level 5 in Dodging
 10157 | D:9      | Noticed Joseph
 10170 | D:9      | Killed Joseph
 10256 | D:9      | Found a shadowy altar of Dithmenos.
 10941 | D:10     | Entered Level 10 of the Dungeon
 11029 | D:10     | Identified the cursed +0 chain mail of Vanity {rF+ rC+
                  | Dex-3} (You took it off a gnoll on level 8 of the Dungeon)
 11129 | D:10     | Noticed a two-headed ogre
 11134 | D:10     | Killed a two-headed ogre
 11849 | D:10     | Reached skill level 5 in Fighting
 11935 | D:11     | Noticed Urug
 11947 | D:11     | Killed Urug
 11947 | D:11     | Noticed a two-headed ogre
 11950 | D:11     | Killed a two-headed ogre
 12045 | D:11     | Noticed a purple ugly thing
 12466 | D:11     | Offered knowledge of Bolt of Draining by Vehumet.
 12741 | D:11     | Killed a purple ugly thing
 12841 | D:11     | Noticed a green ugly thing
 12855 | D:11     | Killed a green ugly thing
 12855 | D:11     | Reached XP level 12. HP: 89/89 MP: 9/24
 13032 | D:11     | Found a staircase to the Orcish Mines.
 13240 | Orc:1    | Entered Level 1 of the Orcish Mines
 13240 | Orc:1    | Found Vojopsof's Jewellery Shoppe.
 13479 | Orc:2    | Entered Level 2 of the Orcish Mines
 13502 | Orc:2    | Found a staircase to the Elven Halls.
 13715 | Orc:1    | Noticed a two-headed ogre
 13720 | Orc:1    | Killed a two-headed ogre
 14502 | Orc:1    | Offered knowledge of Conjure Ball Lightning by Vehumet.
 14514 | Orc:1    | Learned a level 6 spell: Conjure Ball Lightning
 15466 | Orc:2    | Paralysed by an orc sorcerer for 6 turns
 15915 | Orc:2    | Found a roughly hewn altar of Beogh.
 15967 | Orc:2    | Found a roughly hewn altar of Beogh.
 16082 | Orc:2    | Found a roughly hewn altar of Beogh.
 16115 | Orc:2    | Found Viaczefie's Book Shop.
 17620 | Orc:2    | Noticed Saint Roka
 17679 | Orc:2    | Found a roughly hewn altar of Beogh.
 17829 | Orc:2    | Found a roughly hewn altar of Beogh.
 17829 | Orc:2    | Found Isileq's Book Shoppe.
 18220 | Orc:2    | Killed Saint Roka
 18220 | Orc:2    | Gained mutation: You are in touch with the powers of death.
                  | [Mummy growth]
 18220 | Orc:2    | Reached XP level 13. HP: 91/101 MP: 1/26
 18412 | Orc:2    | Found Ruihyl's Antique Weapon Shoppe.
 18413 | Orc:2    | Found a roughly hewn altar of Beogh.
 18414 | Orc:2    | Found Irump's Antique Armour Emporium.
 18429 | Orc:2    | Bought a runed helmet for 240 gold pieces
 18450 | Orc:2    | Bought a runed cloak for 240 gold pieces
 18467 | Orc:2    | Bought a polished scimitar for 216 gold pieces
 18467 | Orc:2    | Identified the +6 scimitar "Wigot" {freeze, Int+3} (You
                  | bought it in a shop on level 2 of the Orcish Mines)
 18604 | Lair:1   | Entered Level 1 of the Lair of Beasts
 18809 | Lair:1   | Offered knowledge of Freezing Cloud by Vehumet.
 18876 | Lair:1   | Found a dark tunnel.
 18885 | Volcano  | Entered a volcano
 18919 | Volcano  | Got a warped cloak
 19129 | Lair:1   | Noticed Gastronok
 19138 | Lair:1   | Killed Gastronok
 19254 | Lair:1   | Identified the +1 cloak "Ripper Woe" {rF+ rCorr Int-2} (You
                  | found it in a volcano)
 19472 | Lair:1   | Got an ivory hand axe
 19490 | Lair:1   | Identified the cursed +3 hand axe of Welfare {vamp, rPois
                  | Int+5 Dex+4 Stlth-} (You found it on level 1 of the Lair of
                  | Beasts)
 19959 | Lair:2   | Learned a level 6 spell: Freezing Cloud
 20120 | Lair:2   | Reached skill level 10 in Conjurations
 20336 | Lair:2   | Reached skill level 10 in Air Magic
 20340 | Lair:2   | Reached skill level 10 in Spellcasting
 21813 | Lair:3   | Found a staircase to the Snake Pit.
 21869 | Lair:3   | Learned a level 5 spell: Irradiate
 22318 | Snake:1  | Entered Level 1 of the Snake Pit
 22958 | Lair:4   | Reached XP level 14. HP: 108/108 MP: 20/28
 23209 | Lair:4   | Found a runed door.
 23341 | Lair:4   | Found a staircase to the Swamp.
 23362 | Lair:4   | Offered knowledge of Ozocubu's Refrigeration by Vehumet.
 23662 | Lair:4   | Noticed an entropy weaver
 23694 | Lair:4   | Killed an entropy weaver
 24165 | Lair:4   | Noticed an entropy weaver
 24175 | Lair:4   | Killed an entropy weaver
 24342 | Lair:4   | Noticed an entropy weaver
 24349 | Lair:4   | Killed an entropy weaver
 24550 | Lair:4   | Got a garnet-encrusted plate armour
 24563 | Lair:4   | Identified the +5 plate armour of Bufeddeu {MR+ Int+3
                  | Dex+4} (You found it on level 4 of the Lair of Beasts)
 25909 | Lair:6   | Entered Level 6 of the Lair of Beasts
 26687 | Lair:6   | Reached ****** piety under Vehumet
 26689 | Lair:6   | Offered knowledge of Orb of Destruction by Vehumet.
 26689 | Lair:6   | Reached XP level 15. HP: 73/113 MP: 7/31
 26701 | Lair:6   | Learned a level 7 spell: Orb of Destruction
 28668 | Lair:6   | Got an iridescent hunting sling
 28713 | Lair:6   | Found a staircase to the Slime Pits.
 28734 | Lair:6   | Identified the +5 hunting sling "Adusk" {flame, +Fly rN+
                  | Int-3} (You found it on level 6 of the Lair of Beasts)
 29367 | Elf:1    | Entered Level 1 of the Elven Halls
 30171 | D:13     | Offered knowledge of Iron Shot by Vehumet.
 32283 | D:13     | Found a portal to a secret trove of treasure.
 32756 | D:13     | Cast into level 2 of the Abyss (a wizard)
 32787 | D:13     | Escaped the Abyss
 32957 | D:13     | Found a gate to the Vaults.
 33951 | D:14     | Reached XP level 16. HP: 120/120 MP: 8/33
 34416 | D:14     | Offered knowledge of Lehudib's Crystal Spear by Vehumet.
 34416 | D:14     | Offered knowledge of Glaciate by Vehumet.
 34416 | D:14     | Offered knowledge of Chain Lightning by Vehumet.
 34535 | D:14     | Learned a level 8 spell: Chain Lightning
 34536 | D:15     | Entered Level 15 of the Dungeon
 34951 | D:15     | Found a transporter.
 35044 | D:15     | Found a transporter.
 35046 | D:15     | Noticed a storm dragon
 35050 | D:15     | Noticed Treefire's ghost (adept DEFE)
 35506 | D:15     | Killed from afar by Treefire's ghost

Vault maps used:
D:1:      nzn_arrival_depleted_hourglass
D:2:      lemuel_blue_sif_altar, nicolae_ashenzari_panopticon
D:3:      yredelemnul_forgotten_temple_becter, lemuel_old_faithful, uniq_purgy,
          uniq_jessica, uniq_ijyb, uniq_terence
D:4:      corexii_shack_village, old_standard_altar, cheibriados_altar_1,
          minmay_temple_entry_crystal_x, first_ration
D:5:      zin_scriptorium, serial_glass, glass_columns_b, glass_columns_b
D:6:      serial_shops, shop, gup_sewer_entry_pipe
D:7:      gammafunk_temple_overflow_forgotten
D:8:      dpeg_lair_monsters, serial_ice, serial_ice_g, serial_ice_m,
          serial_ice_e, serial_ice_j, serial_ice_o
D:9:      lemuel_round_altar, uniq_joseph
D:10:     hangedman_decor_riveting
D:11:     kennysheep_blocky_hall, zombieorc2_lemuel, serial_bayou_pond_a,
          uniq_urug
D:13:     grunt_vaults_entry_tiered, nicolae_trove_entry_diagonal,
          blue_anna_alchemist
D:14:     nrook_mini_backslash
D:15:     grunt_enter_depths_hoard, lemuel_tele_altar, gammafunk_ghost_arena
Temple:   minmay_temple_bridge_abc
Lair:1:   nicolae_volcano_entry_hallway, grunt_megastairs_5, lemuel_fruit_tree,
          uniq_gastronok
Lair:3:   minmay_snake_entry_six_corridors
Lair:4:   gammafunk_mikee_crab_dinner, swamp_mist, nicolae_lair_yak_garden,
          infiniplex_staircase_pool
Lair:5:   grunt_megastairs_2, minmay_lair_oklob_chamber
Lair:6:   minmay_lair_end_frog_pond, minmay_slime_entry_oklob_open,
          serial_bayou_pond_a
Snake:1:  minmay_snake_river, serial_shops, shop, serial_bayou_lake_a,
          uniq_josephine, uniq_louise, uniq_nikola
Orc:1:    serial_shops, shop
Orc:2:    grunt_orc_community_town_hall, grunt_orc_community_big_house_1,
          grunt_orc_community_big_house_2, grunt_orc_community_house_2,
          grunt_orc_community_house_1, grunt_orc_community_house_1,
          grunt_orc_community_house_3, grunt_orc_community_house_2,
          grunt_orc_community_house_1
Elf:1:    orc_legates, columned_hall_lemuel, grunt_megastairs_1
Sewer:    sewer_minmay_w
Volcano:  volcano_caves

Skill      XL: |  1  2  3  4  5  6  7  8  9 10 11 12 13 14 15 |
---------------+----------------------------------------------+-----
Spellcasting   | 3 4 5 6 8 9 10 12 13 | 13.6
Air Magic      | 3 4 5 6 8 9 10 12 13 | 13.7
Shields        | 3 4 |  4.1
Conjurations   | 6 8 9 10 12 13 | 13.8
Fighting       | 3 6 9 |  9.0
Dodging        | 4 8 9 |  9.0
Evocations     | 2 4 |  4.0
Stealth        | |  1.5

Action                   |  1- 3 |  4- 6 |  7- 9 | 10-12 | 13-15 | 16-18 || total
-------------------------+-------+-------+-------+-------+-------+-------++-------
Melee: Unarmed           |     4 |       |       |       |       |       ||     4
       Long sword        |       |       |    36 |     4 |       |       ||    40
       Scimitar          |       |       |       |   183 |     6 |       ||   189
       Staff             |       |       |       |       |    36 |    18 ||    54
 Cast: Shock             |    65 |   136 |   193 |   206 |    60 |    12 ||   672
       Airstrike         |       |     5 |    87 |   299 |   225 |    14 ||   630
       Mephitic Cloud    |       |       |     1 |     2 |       |       ||     3
       Lightning Bolt    |       |       |     7 |    44 |   235 |    42 ||   328
       Irradiate         |       |       |       |       |    29 |       ||    29
       Orb of Destructio |       |       |       |       |    61 |     4 ||    65
       Chain Lightning   |       |       |       |       |       |     3 ||     3
       Swiftness         |       |       |       |       |       |     1 ||     1
Evoke: Wand              |       |     2 |     9 |    20 |    20 |     2 ||    53
  Use: Scroll            |     1 |     3 |     6 |     5 |     8 |     1 ||    24
 Stab: Paralysed         |       |       |       |       |     3 |       ||     3
Armor: Robe              |     5 |       |       |       |    58 |     8 ||    71
       Ring mail         |     1 |    17 |    72 |   116 |       |       ||   206
Dodge: Dodged            |    33 |    47 |   111 |   254 |   170 |    40 ||   655
Block: Buckler           |       |       |    11 |    94 |    73 |    12 ||   190
       Rpst.: Long sword |       |       |    27 |    17 |       |       ||    44
       Scimitar          |       |       |       |    49 |     7 |       ||    56

Table legend:
 A = Non-vault XP
 B = Vault XP
 C = Vault XP percentage of total XP
 D = Non-vault monster count
 E = Vault monster count
 F = Vault count percentage of total count
                 A         B        C        D         E       F
            +---------+---------+-------+---------+---------+-------
      Total |  108789 |   66568 |  38.0 |     638 |     329 |  34.0
            +---------+---------+-------+---------+---------+-------
        D:1 |      27 |       0 |   0.0 |      14 |       0 |   0.0
        D:2 |      86 |      36 |  29.5 |      27 |       1 |   3.6
        D:3 |     110 |     208 |  65.4 |      20 |       4 |  16.7
        D:4 |     234 |      15 |   6.0 |      19 |       7 |  26.9
        D:5 |     179 |       0 |   0.0 |       8 |       0 |   0.0
        D:6 |    1289 |      21 |   1.6 |      27 |       7 |  20.6
        D:7 |    2700 |    1063 |  28.2 |      50 |       2 |   3.8
        D:8 |     531 |    4958 |  90.3 |      13 |      15 |  53.6
        D:9 |    1792 |     450 |  20.1 |      22 |       1 |   4.3
       D:10 |    3361 |      93 |   2.7 |      26 |       1 |   3.7
       D:11 |    4544 |    2788 |  38.0 |      32 |      39 |  54.9
       D:12 |    5000 |       1 |   0.0 |      22 |       1 |   4.3
       D:13 |    7981 |    9100 |  53.3 |      26 |      25 |  49.0
       D:14 |   11100 |       0 |   0.0 |      53 |       0 |   0.0
       D:15 |   15095 |    2413 |  13.8 |      40 |       6 |  13.0
     Lair:1 |    3905 |    2200 |  36.0 |      19 |       2 |   9.5
     Lair:2 |    5230 |       0 |   0.0 |      21 |       0 |   0.0
     Lair:3 |    4503 |     822 |  15.4 |      21 |      12 |  36.4
     Lair:4 |    5400 |   13251 |  71.0 |      21 |      17 |  44.7
     Lair:5 |    7151 |    2730 |  27.6 |      23 |       7 |  23.3
     Lair:6 |   20713 |   12823 |  38.2 |      54 |      48 |  47.1
    Snake:1 |      53 |       0 |   0.0 |       1 |       0 |   0.0
      Orc:1 |    5154 |       0 |   0.0 |      51 |       0 |   0.0
      Orc:2 |    2651 |   11724 |  81.6 |      28 |      78 |  73.6
      Sewer |       0 |     389 | 100.0 |       0 |      48 | 100.0
    Volcano |       0 |    1483 | 100.0 |       0 |       8 | 100.0
            +---------+---------+-------+---------+---------+-------
